[Event "*** Titled Tuesday 3|2 Blitz"]
[Site "Chess.com"]
[Date "2015.07.07"]
[Round "3"]
[White "zmaj23"]
[Black "wonderfultime"]
[Result "1-0"]
[WhiteElo "2448"]
[BlackElo "2560"]
[TimeControl "180+2"]
[EndTime "11:34:45 PDT"]
[Termination "zmaj23 won by resignation"]

1. e4 e6 2. d4 d5 3. Nc3 dxe4 4. Nxe4 Bd7 5. d5 exd5 6. Qxd5 Nc6 7. Nf3 Nf6 8. Nxf6+ Qxf6 9. c3 O-O-O 10. Be2 h6 11. Be3 Bh3 12. Qc4 Be6 13. Qa4 Bd5 14. Bb5 Bxf3 15.
gxf3 Qxf3 16. Rg1 Bd6 17. Bxc6 bxc6 18. Qxa7 Rhe8 19. Qa6+ Kd7 20. Rxg7 Re7 21. Qe2 Qh1+ 22. Qf1 Qf3 23. Rd1 Rde8 24. Qe2 Qh1+ 25. Kd2 Qd5+ 26.
Kc1 Qxa2 27. Qg4+ Qe6 28. Qxe6+ Kxe6 29. Rh7 f6 30. Rxh6 Rg8 31. Bd4 Bf4+ 32. Be3 Bxh6 33. Bxh6 Rg2 34. Be3 Rxh2 35. Rd4 Rh5 36. Kc2 c5 37.
Ra4 Kd7 38. Ra6 Re6 39. Ra5 Ree5 40. Ra4 Kc6 41. Ra6+ Kb5 42. Rxf6 c4 43. b4 cxb3+ 44. Kxb3 Re4 45. Bd4 Rh3 46. f3 Rxd4 47. cxd4 c5 48. Rf5 Rh4 49. dxc5 Rb4+ 50. Kc3 Rc4+ 51. Kd3 Ra4 52. Ke3 Kc6 53. Re5 Ra3+ 54. Ke4 Ra4+ 55. Kf5 Ra3 56. f4 Rg3 57. Kf6 Rf3 58. f5 1-0

[Event "*** Titled Tuesday 3|2 Blitz"]
[Site "Chess.com"]
[Date "2015.07.07"]
[Round "3"]
[White "amaidel"]
[Black "Penguininja"]
[Result "1/2-1/2"]
[WhiteElo "2338"]
[BlackElo "2113"]
[TimeControl "180+2"]
[EndTime "11:34:54 PDT"]
[Termination "Game drawn by repetition"]

1. d4 d5 2. Nf3 Nf6 3. c4 c6 4. e3 e6 5. Nc3 Nbd7 6. Qc2 g6 7.
Be2 Bg7 8. O-O O-O 9. Rd1 b6 10. b3 Bb7 11. Bb2 Rc8 12. a4 c5 13. Nb5 Ra8 14.
Ne5 Qe7 15. Bf3 a6 16. Nc3 Rac8 17. a5 bxa5 18. Rxa5 Rfd8 19. Nxd7 Qxd7 20. Rxc5 dxc4 21. Bxb7 Qxb7 22. Rxc4 Nd5 23. Nxd5 exd5 24. Rc3 Bf8 25. Rc1 Rb8 26. h4 a5 27. h5 a4 28. hxg6 hxg6 29.
e4 dxe4 30. Qe2 axb3 31. d5 Qxd5 32. Rh3 Bg7 33. Bxg7 Kxg7 34. Qe3 Rh8 35. Qc3+ f6 36. Rxh8 Rxh8 37. Qc7+ Qf7 38. Qb6 Re8 39. Rc7 Re7 40. Rxe7 Qxe7 41. Qxb3 f5 42. Qc3+ Qf6 43. Qc7+ Qf7 44.
Qe5+ Qf6 45. Qc7+ Qf7 46. Qe5+ Kg8 47. Qb8+ Qf8 48. Qe5 Qg7 49. Qb8+ Kh7 50. Qh2+ Qh6 51. Qc7+ Qg7 52. Qh2+ Kg8 53. Qb8+ Kf7 54. Qc7+ Kg8 55. Qb8+ Kh7 56. Qh2+ 1/2-1/2

[Event "*** Titled Tuesday 3|2 Blitz"]
[Site "Chess.com"]
[Date "2015.07.07"]
[Round "3"]
[White "Tomsel"]
[Black "Canonkasparov"]
[Result "0-1"]
[WhiteElo "2297"]
[BlackElo "2243"]
[TimeControl "180+2"]
[EndTime "11:35:03 PDT"]
[Termination "Canonkasparov won on time"]

1. d4 d5 2. Bf4 Nf6 3. e3 Bf5 4. c4 c6 5. Qb3 Qb6 6. Nd2 Nbd7 7. c5 Qxb3 8. axb3 Nh5 9. b4 Nxf4 10.
exf4 a6 11. b5 cxb5 12. Bxb5 e6 13. Ngf3 f6 14. O-O Be7 15. b4 Rc8 16. Ba4 Rc7 17.
Rfe1 Kf7 18. Nh4 Bg6 19. f5 Bxf5 20. Nxf5 exf5 21. Bb3 Nb8 22. Bxd5+ Kg6 23. Bb3 Nc6 24. d5 Nxb4 25. d6 Bxd6 26. cxd6 Rd7 27. Re6 Rhd8 28. Nf3 Rxd6 29. Ne5+ Kh5 30. Rxd6 Rxd6 31. Bd1+ Rxd1+ 32. Rxd1 fxe5 33. Rd7 b5 34. Rxg7 h6 35. f3 Nd3 36.
Rd7 e4 37. g4+ Kg5 38. gxf5 Kxf5 39. Rd5+ Kf4 40. fxe4 Kxe4 41. Rd6 Nc5 42. Rxh6 a5 43. Rh5 Kd4 44. Kf1 a4 45. Rh8 a3 46. Ra8 Na4 47. Rd8+ Kc3 48. Rd1 b4 49. h4 Nc5 50.
h5 Ne4 51. h6 Ng5 52. Ke2 a2 0-1

[Event "*** Titled Tuesday 3|2 Blitz"]
[Site "Chess.com"]
[Date "2015.07.07"]
[Round "3"]
[White "HansCoolNiemann"]
[Black "MinhGTrAn"]
[Result "0-1"]
[WhiteElo "1951"]
[BlackElo "2573"]
[TimeControl "180+2"]
[EndTime "11:35:31 PDT"]
[Termination "MinhGTrAn won by checkmate"]

1. d4 Nf6 2. c4 e6 3. Nf3 c5 4.
d5 b5 5. dxe6 fxe6 6. cxb5 d5 7.
Nc3 Bd6 8. e4 dxe4 9. Ng5 Bb7 10. Nxe6 Qe7 11. Nxg7+ Qxg7 12. Qxd6 Nbd7 13. Qe6+ Kd8 14.
Bf4 Re8 15. Qd6 Rc8 16. Rd1 Re7 17. b6 a6 18. Bg3 Ke8 19. Bc4 Rc6 20. Qd2 Rxb6 21. O-O h5 22. Qf4 Rb4 23. b3 Ne5 24.
Be2 e3 25. Qf5 h4 26. Nd5 Bxd5 27. Rxd5 Nxd5 28. Qc8+ Kf7 29. Bh5+ Ng6 30. fxe3+ Nf6 31. Qxc5 hxg3 32. Qxb4 gxh2+ 33. Kh1 Qh6 34. Qc4+ Kg7 35. Qd4 Ne5 36. Bf3 Qg5 37. Qd6 Rd7 38. Qe6 Ng6 39. Be4 Re7 40. Qf5 Nxe4 41. Kxh2 Qxf5 42. Rxf5 Nd6 43.
Ra5 Ra7 44. b4 Ne7 45. a4 Nc4 46. Rc5 Nxe3 47. b5 a5 48. b6 Rb7 49. Rxa5 Rxb6 50. Re5 Ng4+ 51. Kg3 Nxe5 52. Kf4 Kf6 53. Ke4 Rb4+ 54.
Ke3 Rxa4 55. Kd2 Nd5 56. Ke2 Ra2+ 57. Kf1 Ne3+ 58. Kg1 N5g4 59. g3 Ra1# 0-1

[Event "*** Titled Tuesday 3|2 Blitz"]
[Site "Chess.com"]
[Date "2015.07.07"]
[Round "3"]
[White "Ginger_GM"]
[Black "jup1978"]
[Result "1-0"]
[WhiteElo "2414"]
[BlackElo "2160"]
[TimeControl "180+2"]
[EndTime "11:35:47 PDT"]
[Termination "Ginger_GM won by resignation"]

1. d4 d5 2. c4 c6 3. Nc3 Nf6 4. Nf3 a6 5. h4 e6 6. c5 g6 7. Bf4 Bg7 8. Bd6 Bf8 9. Bxf8 Kxf8 10. Qd2 h5 11. Ng5 Kg7 12. Qf4 Nbd7 13. e3 b6 14.
cxb6 Qxb6 15. Rb1 c5 16. Bd3 cxd4 17. exd4 Qb8 18. Qf3 a5 19. O-O Ba6 20. Rfe1 Bxd3 21. Qxd3 Re8 22. g3 Qd6 23. Ne2 Qa6 24. Qe3 Qd6 25.
Nf4 Ra6 26. Qd3 Rc6 27. Re2 Nf8 28. Rbe1 Qb4 29. Qe3 Ng4 30. Qd3 Qc4 31. Qd2 Qxa2 32.
f3 Nf6 33. Nd3 N8d7 34. Qf4 Qc4 35. Re3 Re7 36. R1e2 Nh7 37. Kg2 Nxg5 38. hxg5 e5 39. dxe5 Qxf4 40. Nxf4 Nf8 41. Nxd5 Rb7 42. f4 Ne6 43. Rd2 Rb8 44. Nf6 h4 45. Kf3 hxg3 46. Kxg3 Rc4 47. Rh2 Rcc8 48. Rh7+ Kf8 49. Rd3 Rd8 50.
Nd7+ Ke7 51. f5 gxf5 52. g6 f4+ 53. Kg4 Rxd7 54. Rxf7+ Ke8 55. Rdxd7 Nc5 56. Rde7+ Kd8 57. g7 1-0

[Event "*** Titled Tuesday 3|2 Blitz"]
[Site "Chess.com"]
[Date "2015.07.07"]
[Round "3"]
[White "FancyPlaySyndrome"]
[Black "stefanodinn"]
[Result "1-0"]
[WhiteElo "2212"]
[BlackElo "2128"]
[TimeControl "180+2"]
[EndTime "11:35:52 PDT"]
[Termination "FancyPlaySyndrome won by resignation"]

1. e4 e5 2. Nf3 Nc6 3. c3 Nf6 4. d4 Nxe4 5. d5 Ne7 6. Nxe5 Ng6 7. Qf3 Nf6 8. Nxg6 hxg6 9. Bg5 Be7 10. Bc4 d6 11.
Nd2 O-O 12. Be3 Ng4 13. Bd4 Bf6 14. O-O-O Ne5 15. Bxe5 Bxe5 16. h4 Qf6 17. Rde1 Qxf3 18. Nxf3 Bf4+ 19. Kc2 Bf5+ 20. Bd3 Bxd3+ 21. Kxd3 Rfe8 22.
g3 Be5 23. Nd2 f5 24. Nc4 Kf7 25. Na5 b6 26. Nc6 a6 27. a4 Bf6 28. b3 g5 29.
hxg5 Bxg5 30. Nd4 Rxe1 31. Rxe1 g6 32. Ne6 Bd8 33. Rh1 c6 34. Rh7+ Kf6 35. Kd4 cxd5 36. Kxd5 Be7 37. c4 Rc8 38. b4 a5 39. b5 g5 40. f4 gxf4 41. gxf4 Rg8 42. Rh6+ Kf7 43.
Rh7+ Kf6 44. Nd4 Rg4 45. Rh6+ Kf7 46. Rh7+ Kf6 47. Nc6 Bf8 48. Nd8 Rxf4 49. Rf7+ Kg5 50. Rxf8 Rf1 51. Ne6+ Kg4 52. Kxd6 Rc1 53. c5 bxc5 54.
b6 Rb1 55. Kc7 c4 56. b7 c3 57. b8=Q Rxb8 58. Kxb8 1-0

[Event "*** Titled Tuesday 3|2 Blitz"]
[Site "Chess.com"]
[Date "2015.07.07"]
[Round "3"]
[White "wanyaland"]
[Black "Cruel_Yaro"]
[Result "0-1"]
[WhiteElo "2173"]
[BlackElo "2486"]
[TimeControl "180+2"]
[EndTime "11:36:11 PDT"]
[Termination "Cruel_Yaro won by resignation"]

1. Nf3 d5 2. g3 c6 3. Bg2 g6 4. d4 Bg7 5. c4 dxc4 6. Na3 Nf6 7. Nxc4 O-O 8. O-O Be6 9. b3 Ne4 10. Bb2 Nd7 11. e3 Bd5 12. Rc1 a5 13. a4 Nd6 14. Re1 Re8 15. Ba3 Nb6 16. Nce5 Ne4 17. Nd3 Nd7 18. Nf4 e6 19. Re2 Qb6 20.
Rb2 Qd8 21. Ne1 Nef6 22. f3 e5 23. dxe5 Nxe5 24. Rd2 Qb8 25. e4 Be6 26. Bd6 Qa7+ 27. Bc5 Qb8 28. Nxe6 Rxe6 29. Bb6 Qe8 30. Bh3 Re7 31. Bd8 Bh6 32. Bxe7 Qxe7 33. f4 Nxe4 34. Re2 Rd8 35. Qc2 f5 36. fxe5 Bxc1 37. Qxc1 Qxe5 38. Bg2 Qd4+ 39. Kf1 Nd2+ 40. Rxd2 Qxd2 41. Qc4+ Kg7 42. Nf3 Qd1+ 43. Kf2 Qd6 44. Bf1 Qf6 45. Qc5 Qb2+ 46. Kg1 Re8 47. Bc4 Qc1+ 48. Kg2 Qb2+ 49. Kg1 Qc3 50.
Qb6 Qxf3 51. Qxb7+ Kh6 52. Qa6 Re1+ 53. Bf1 Rc1 0-1

[Event "*** Titled Tuesday 3|2 Blitz"]
[Site "Chess.com"]
[Date "2015.07.07"]
[Round "3"]
[White "alexsuper1987"]
[Black "kharposh"]
[Result "0-1"]
[WhiteElo "2025"]
[BlackElo "2187"]
[TimeControl "180+2"]
[EndTime "11:36:11 PDT"]
[Termination "kharposh won by resignation"]

1. e4 c5 2. Nf3 d6 3. d4 cxd4 4. Nxd4 Nf6 5. Nc3 g6 6. Be3 Bg7 7. f3 O-O 8. Qd2 Nc6 9. O-O-O Bd7 10. Kb1 Ne5 11. h4 h5 12. Be2 a5 13. Rdg1 a4 14.
a3 b5 15. Bxb5 Bxb5 16. Ndxb5 Nc4 17. Qe2 Nxe3 18. Qxe3 Qa5 19. g4 Rfb8 20. Qd3 Rb7 21.
gxh5 Nxh5 22. Qc4 Rab8 23. Rg5 Bxc3 24. Qxc3 Qxc3 25. Nxc3 Rxb2+ 26. Kc1 Nf4 27. Kd2 Rc8 28. h5 Ne2 29. hxg6 f6 30. Rgh5 Rxc3 31. Kxe2 Rcxc2+ 32. Ke3 Rc3+ 33. Kf4 e5+ 34. Kf5 Rxf3+ 35. Ke6 Kg7 36. Rh7+ Kxg6 37. Rh8 Kg5 38. R1h4 Rg2 39. Kf7 Rg4 40.
R8h5+ Kf4 41. Rf5+ Kg3 42. Rxg4+ Kxg4 43. Kxf6 Rf4 44. Ke6 Rxe4 45. Rf1 Rd4 46. Kf6 e4 47. Ke6 e3 48. Re1 Kf3 49. Kf5 e2 0-1

[Event "*** Titled Tuesday 3|2 Blitz"]
[Site "Chess.com"]
[Date "2015.07.07"]
[Round "3"]
[White "Hikaru"]
[Black "Dr-Bassem"]
[Result "1-0"]
[WhiteElo "2836"]
[BlackElo "2475"]
[TimeControl "180+2"]
[EndTime "11:36:18 PDT"]
[Termination "Hikaru won by resignation"]

1. b3 e5 2. Bb2 Nc6 3. e3 Nf6 4. Bb5 Bd6 5. Bxc6 dxc6 6. d3 e4 7. dxe4 Nxe4 8. Qd4 Nf6 9. Nd2 Qe7 10. Ngf3 O-O 11. Qh4 Nd5 12. Qxe7 Bxe7 13. O-O-O a5 14. a4 Bb4 15. Ne4 Bf5 16. Ng3 Bg6 17.
Nh4 Rad8 18. e4 Nc3 19. Bxc3 Bxc3 20. Ne2 Bb4 21. f3 Ba3+ 22. Kb1 Be7 23. Nxg6 hxg6 24.
c3 Bf6 25. Kc2 Rfe8 26. Rxd8 Rxd8 27. Rd1 Rxd1 28. Kxd1 g5 29. Kc2 Be5 30. h3 Kf8 31.
b4 axb4 32. cxb4 Ke7 33. Nc1 Bd6 34. Nd3 f6 35. Kc3 Kd7 36. a5 b6 37. Kb3 Kc8 38. Nb2 Kb7 39. Nc4 Bf4 40. Nb2 Ka6 41. Nd3 bxa5 42. bxa5 Kxa5 43. Kc4 Bd6 44. Nc5 Kb6 45. Ne6 g6 46. Nd8 c5 47. Nf7 Kc6 48. Nh8 Kd7 49.
Nxg6 Ke8 50. h4 gxh4 51. Nxh4 Kf7 52. Kd5 Kg7 53. g3 Kh6 54. Nf5+ Kg5 55. Kc4 Bxg3 56.
Nxg3 Kf4 57. Nh5+ Kxf3 58. Nxf6 Kf4 59. Kd3 c4+ 60. Kd4 c5+ 61. Kxc4 Ke5 62. Kxc5 Kxf6 63. Kd6 Kf7 64. e5 Ke8 65. Ke6 1-0

[Event "*** Titled Tuesday 3|2 Blitz"]
[Site "Chess.com"]
[Date "2015.07.07"]
[Round "3"]
[White "Keranke"]
[Black "jbj"]
[Result "1-0"]
[WhiteElo "2543"]
[BlackElo "2262"]
[TimeControl "180+2"]
[EndTime "11:36:31 PDT"]
[Termination "Keranke won by checkmate"]

1. d4 Nf6 2. c4 e6 3. g3 d5 4. Bg2 Be7 5. Nf3 O-O 6. O-O dxc4 7. Qc2 a6 8. Qxc4 b5 9. Qc2 Bb7 10. Bd2 Ra7 11. Rd1 Nbd7 12. Ba5 Be4 13. Qb3 Bd5 14.
Qe3 Qa8 15. b4 Nb6 16. Nbd2 Ne4 17. Bf1 Nd6 18. Ne5 f6 19. Bxb6 cxb6 20. Nef3 Rc7 21. Bh3 Nf5 22. Qd3 Bxb4 23. e4 Bc4 24. Nxc4 bxc4 25.
Qb1 Bc3 26. exf5 Qxf3 27. fxe6 Bxa1 28. Qxa1 c3 29. Bg2 Qf5 30. d5 c2 31. Rc1 Rd8 32.
Qb2 Rxd5 33. Bxd5 Qxd5 34. e7 Rxe7 35. Qxc2 Qe6 36. a4 g6 37. Qd3 a5 38. h4 Kg7 39.
Qd4 Rd7 40. Qc3 Qe4 41. Qb3 Kh6 42. Qxb6 Qxa4 43. Qxf6 Qd4 44. Qg5+ Kg7 45. Qxa5 Rf7 46. Qa2 Re7 47. Kh2 Rf7 48. Rc2 h6 49. Rd2 Qe5 50.
Qc2 Qf6 51. Re2 Re7 52. Rd2 Qe5 53. Kg1 Qe1+ 54. Kh2 Qe5 55. Qa2 Rf7 56. Qc4 Qf6 57. Qc5 Re7 58. Rd6 Qf3 59. Qd4+ Kh7 60. Rd8 Rg7 61. Rd6 Qf5 62. Rf6 Qd7 63. Qe4 Qe7 64. Qf3 Qd7 65. h5 gxh5 66. Qxh5 Qg4 67. Rxh6+ Kg8 68. Rh8# 1-0

[Event "*** Titled Tuesday 3|2 Blitz"]
[Site "Chess.com"]
[Date "2015.07.07"]
[Round "3"]
[White "Recombinant"]
[Black "WanderingPuppet"]
[Result "1-0"]
[WhiteElo "2125"]
[BlackElo "2191"]
[TimeControl "180+2"]
[EndTime "11:36:53 PDT"]
[Termination "Recombinant won on time"]

1. d4 Nf6 2. c4 g6 3. Nc3 Bg7 4. Nf3 d6 5. Bg5 O-O 6. e3 c5 7.
d5 h6 8. Bh4 g5 9. Bg3 Nh5 10.
Qc2 f5 11. Be2 Qe8 12. Nd2 Na6 13. a3 Nc7 14. f3 a6 15. Bf2 b5 16. O-O Rb8 17. Rab1 b4 18. Na4 b3 19. Qd3 Qxa4 20.
g4 fxg4 21. fxg4 Nf6 22. h3 Qd7 23. Bg3 h5 24. Qg6 hxg4 25. hxg4 Qe8 26. Qxg5 Nh7 27. Qh4 Bf6 28. Qh6 Qf7 29. Bd3 Qg7 30. Qh2 Bxg4 31.
Rf4 Bd7 32. Ne4 Ng5 33. Nxf6+ Rxf6 34. Rxf6 Qxf6 35. Rf1 Qg7 36. Qh4 Rf8 37. Rxf8+ Kxf8 38. Kf2 Qxb2+ 39. Be2 Qg7 40. Bf4 Ne4+ 41. Kf3 Nf6 42. Bh6 Bg4+ 43. Kf2 Bxe2 44. Bxg7+ Kxg7 45. Qg5+ Kf7 46. Kxe2 Ke8 47. Qg6+ Kd7 48. Qd3 e6 49. Qxb3 exd5 50.
cxd5 Ncxd5 51. Qb7+ Ke6 52. Qxa6 Ne4 53. Qc8+ Ke5 54.
Qh8+ Ke6 55. Qg8+ Ke5 56. Qg7+ Ndf6 57. Kd3 d5 58. a4 c4+ 59. Kc2 Ke6 60. a5 Nc5 61.
Qc7 Nfe4 62. Qc6+ Ke5 63. a6 Nxa6 64. Qxa6 Kf5 65. Qb6 Ke5 66. Qd4+ Ke6 67. Kb2 Kd6 68. Ka3 Nc5 69. Kb4 Nd3+ 70. Kc3 Ne5 71. e4 1-0

[Event "*** Titled Tuesday 3|2 Blitz"]
[Site "Chess.com"]
[Date "2015.07.07"]
[Round "3"]
[White "PauloCesarCosta"]
[Black "BjarkeSahl"]
[Result "0-1"]
[WhiteElo "2009"]
[BlackElo "2107"]
[TimeControl "180+2"]
[EndTime "11:37:01 PDT"]
[Termination "BjarkeSahl won by checkmate"]

1. Nf3 f5 2. b3 Nf6 3. g3 g6 4. Bg2 Bg7 5. Bb2 O-O 6. O-O d6 7. d4 Qe8 8. Nbd2 c6 9. Nc4 h6 10. a4 g5 11. e3 Na6 12. Qe2 Qh5 13. Rae1 Bd7 14. Nfd2 Qxe2 15. Rxe2 Nb4 16. Nb1 Rae8 17. Ba3 Nbd5 18. Ncd2 a5 19. c4 Nb4 20. Bxb4 axb4 21.
Rd1 e5 22. dxe5 dxe5 23. Nf3 Bc8 24. Ne1 e4 25. Red2 Ng4 26. Bf1 Ne5 27. Be2 Bf6 28. Nc2 c5 29. Ne1 Rd8 30. Rxd8 Rxd8 31. Rxd8+ Bxd8 32. f4 Nc6 33. Nc2 g4 34. Kf2 Bf6 35. Ke1 Na5 36.
Bd1 Nxb3 37. Nxb4 Na5 38. Nd5 Bd8 39. Nd2 Be6 40. Be2 Nc6 41. Nb3 b6 42. Nc1 Kf7 43.
Nb3 Ke8 44. Nc1 Kd7 45. Kd2 Kd6 46. Nc3 Na5 47. Nb5+ Kc6 48. Kc3 Bf6+ 49. Kc2 Nxc4 50. Na7+ Kb7 51. Bxc4 Bxc4 52. Nb5 Kc6 53. Nc3 Bxc3 54.
Kxc3 Kd5 55. Nb3 Bxb3 56. Kxb3 h5 57. Kc3 Kd6 58. Kc4 Kc6 59. Kb3 b5 60. axb5+ Kxb5 61. Kc3 c4 62. Kd4 Kb4 63. Ke5 c3 64. Kxf5 c2 65.
Kxe4 c1=Q 66. f5 Kc5 67. f6 Kd6 68. Kf5 Qc8+ 69. Kg6 Qh8 70. f7 Ke7 71. e4 Qe5 72. h4 Kf8 73. Kh6 Kxf7 74. Kh7 Qg7# 0-1

[Event "*** Titled Tuesday 3|2 Blitz"]
[Site "Chess.com"]
[Date "2015.07.07"]
[Round "3"]
[White "GMHess"]
[Black "viditchess"]
[Result "0-1"]
[WhiteElo "2542"]
[BlackElo "2409"]
[TimeControl "180+2"]
[EndTime "11:37:09 PDT"]
[Termination "viditchess won by resignation"]

1. c4 c5 2. Nc3 Nc6 3. Nf3 Nf6 4. g3 g6 5. Bg2 Bg7 6. O-O O-O 7. d4 cxd4 8. Nxd4 Qa5 9. Nc2 d6 10. Ne3 Qh5 11.
Ned5 Nxd5 12. Nxd5 Bd7 13. Bf3 Qe5 14. Rb1 Bf5 15. Bf4 Qd4 16. Qxd4 Bxd4 17. e4 Bh3 18. Rfd1 Bg7 19. Bg2 Bg4 20. f3 Be6 21. b4 Rac8 22. Be3 b6 23. f4 Rfe8 24. a4 Bg4 25. Rdc1 Bd7 26. Kf2 e6 27. Nc3 Nd4 28. Bf1 Rc7 29. Rd1 e5 30. Nd5 Rcc8 31. Bxd4 exd4 32. Bd3 Bc6 33.
Re1 Kf8 34. b5 Bxd5 35. exd5 Re3 36. Rxe3 dxe3+ 37. Kxe3 Re8+ 38. Kd2 Bd4 39. Rb3 Bg1 40. Be2 Bxh2 41. Ra3 Bg1 42. Ra1 Bd4 43. Rh1 Kg7 44.
Rf1 Be3+ 45. Kd3 Bc5 46. Kd2 Bb4+ 47. Kd3 f5 48. g4 fxg4 49. Bxg4 Kf6 50. Be6 h5 51. Ke4 Bc5 52. Ra1 Bb4 53. Rh1 Re7 54. f5 gxf5+ 55. Kf3 Rh7 56. Rb1 Bc5 57. Rf1 h4 58.
Kg2 Rh5 59. Kh3 Bd4 60. Rf4 Be3 61. Rxh4 Rxh4+ 62. Kxh4 Ke5 63. Kg3 f4+ 64. Kf3 Kd4 65. Bd7 Kxc4 66. Ke4 Kb4 67. Bc6 Kxa4 68. Be8 Ka5 69.
Kd3 a6 70. bxa6 Kxa6 71. Kc4 f3 72. Kb4 Bc5+ 73. Ka4 f2 74. Bb5+ Kb7 75. Bf1 Kc7 76. Kb5 Kd7 77. Kc4 Ke7 78. Kd3 b5 79. Kc3 b4+ 80.
Kc4 Kf6 0-1

[Event "*** Titled Tuesday 3|2 Blitz"]
[Site "Chess.com"]
[Date "2015.07.07"]
[Round "3"]
[White "eltenedor"]
[Black "ashookk"]
[Result "1/2-1/2"]
[WhiteElo "2003"]
[BlackElo "1956"]
[TimeControl "180+2"]
[EndTime "11:37:23 PDT"]
[Termination "Game drawn - insufficient material"]

1. c4 Nf6 2. g3 c6 3. Nf3 d5 4. d4 a6 5. Nbd2 b5 6. b3 e6 7.
Bg2 Be7 8. O-O O-O 9. Ne5 Nfd7 10. Bb2 Nxe5 11. dxe5 Ra7 12. Qc2 Nd7 13. e4 dxc4 14.
bxc4 Nc5 15. Rad1 Qa5 16. Bc3 Qa4 17. Qxa4 Nxa4 18. Ba1 Rd7 19. cxb5 cxb5 20. Nb3 Rfd8 21. Rxd7 Rxd7 22. Rc1 Bb7 23. f4 Ba3 24. Rc2 h5 25.
Bf3 g6 26. Kf2 Bb4 27. Ke3 Nb6 28. Be2 Na4 29. Bd4 Kf8 30. h3 Ke7 31. g4 hxg4 32.
hxg4 Kd8 33. Bd3 Rc7 34. Rh2 Ke7 35. f5 exf5 36. exf5 gxf5 37. gxf5 Bc3 38. f6+ Ke6 39. Rf2 Bxd4+ 40. Nxd4+ Kd5 41. Rf5 Nc3 42. e6+ Kd6 43. e7 Rc8 44. Rg5 Nd5+ 45. Kd2 Nxf6 46. Nf5+ Ke6 47. Rg7 Be4 48. Nd4+ Kxe7 49. Bxe4 Nxe4+ 50. Ke3 Nc5 51. Rh7 Ne6 52. Nf5+ Kf6 53. Ng3 Rc3+ 54. Kf2 Ng5 55. Rh6+ Kg7 56. Rxa6 Nh3+ 57. Kg2 Nf4+ 58. Kf2 Nd3+ 59. Kg2 Nb4 60. Ne4 Nxa6 61. Nxc3 b4 62. Nd5 Kg6 63. Kf3 Kf5 64. Ke3 Ke5 65. Nf4 f5 66.
Ne2 Nc5 67. Kd2 Ne4+ 68. Kc2 f4 69. Nxf4 Kxf4 70. Kb3 Ke5 71. Kxb4 Kd6 72. Kb5 Kc7 73. Kc4 Kb8 74. Kd4 Nd6 75. Kd5 Nb7 76. Kc6 Ka7 77. Kd5 Ka6 78. Ke6 Ka5 79. Kd5 Nc5 80. Kxc5 Ka4 81. Kd5 Ka3 82. Kc5 Kxa2 1/2-1/2

[Event "*** Titled Tuesday 3|2 Blitz"]
[Site "Chess.com"]
[Date "2015.07.07"]
[Round "3"]
[White "1random"]
[Black "Bab3s"]
[Result "1/2-1/2"]
[WhiteElo "1990"]
[BlackElo "2176"]
[TimeControl "180+2"]
[EndTime "11:37:49 PDT"]
[Termination "Game drawn by repetition"]

1. e4 e5 2. Nf3 Nc6 3. Bc4 Bc5 4. c3 Nf6 5. d4 exd4 6. cxd4 Bb4+ 7. Bd2 Nxe4 8. Bxb4 Nxb4 9. Bxf7+ Kxf7 10. Qb3+ d5 11.
Ne5+ Ke6 12. Qxb4 Qf8 13. Qxf8 Rxf8 14. Nc3 c5 15. Nf3 Nxc3 16. bxc3 Kd6 17. O-O b6 18. Rfe1 Bf5 19. Re5 Rae8 20. Rae1 Be4 21. Rxe8 Rxe8 22. Ng5 h6 23. Nf7+ Ke6 24. Ne5 Kf5 25.
Nf7 Kf6 26. Nd6 Re6 27. f3 Rxd6 28. fxe4 dxe4 29. Rxe4 cxd4 30. cxd4 Rc6 31. Re2 Rc1+ 32. Kf2 Rd1 33. Ke3 Ke6 34. Ke4 b5 35. h3 a5 36. Rc2 Re1+ 37. Kd3 Ra1 38. Rc6+ Kd5 39.
Rc5+ Kd6 40. Rxb5 Rxa2 41. Ke4 a4 42. Ra5 a3 43. Ra6+ Kd7 44. g4 Ra1 45. Kd5 a2 46. Ra7+ Kc8 47. Kd6 g5 48. d5 Kb8 49. Ra3 Kc8 50.
Rc3+ Kd8 51. Rc2 Ke8 52. Kc6 Kd8 53. Kd6 Ke8 54. Re2+ Kd8 55. Ke6 Kc8 56. d6 Kd8 57. d7 Rd1 58. Rxa2 Re1+ 59. Kd6 Rd1+ 60. Ke6 Re1+ 61.
Kf5 Kxd7 62. Ra6 Rf1+ 63. Ke5 Re1+ 64. Kd4 Re6 65. Rxe6 Kxe6 66. Ke4 Kf6 67. Kd5 Kg6 68. Ke6 h5 69. Ke5 hxg4 70. hxg4 Kg7 71. Ke6 Kg6 72.
Ke5 Kg7 73. Ke4 Kf6 74. Kd5 Kf7 75. Ke5 Kg6 76. Ke6 Kg7 77. Kf5 Kh6 78. Kf6 Kh7 79.
Kf7 Kh6 80. Kf6 Kh7 81. Kxg5 Kg7 82. Kh5 Kh7 83. Kh4 Kg6 84. Kh3 Kg5 85. Kg3 Kg6 86.
Kf4 Kf6 87. Kg3 Kg5 88. Kh3 Kg6 89. Kh4 Kh6 90. g5+ Kg6 91. Kg4 Kg7 92. Kf5 Kf7 93. Kf4 Kg6 94. Kg4 Kg7 95. Kh4 Kg6 96.
Kg4 Kg7 97. Kh5 Kh7 98. g6+ Kg7 99. Kg5 Kg8 100. Kf6 Kf8 101. Kf5 Kg7 102. Kg5 Kg8 103. Kh5 Kg7 104. Kg5 1/2-1/2

[Event "*** Titled Tuesday 3|2 Blitz"]
[Site "Chess.com"]
[Date "2015.07.07"]
[Round "3"]
[White "chessloveyou"]
[Black "MasterLeif"]
[Result "1/2-1/2"]
[WhiteElo "1985"]
[BlackElo "2282"]
[TimeControl "180+2"]
[EndTime "11:38:27 PDT"]
[Termination "Game drawn by repetition"]

1. d4 d5 2. Nf3 Nf6 3. g3 g6 4.
Bg2 Bg7 5. O-O O-O 6. c4 c6 7.
cxd5 cxd5 8. Nc3 Nc6 9. Bf4 Bf5 10. Ne5 Rc8 11. Nxc6 Rxc6 12. Nxd5 Nxd5 13. e4 Be6 14. exd5 Bxd5 15. Be5 Bxg2 16. Bxg7 Kxg7 17. Kxg2 Qd5+ 18. Kg1 Rd8 19. Qe2 Re6 20. Qc2 Rc6 21. Qe2 e6 22. Rfd1 Rcd6 23. b3 Qa5 24. Rac1 Rxd4 25. Rxd4 Rxd4 26.
Qf3 Qd5 27. Qxd5 Rxd5 28. Rc7 Rb5 29. f4 h5 30. Kf2 Kf6 31. Kf3 Rb4 32. h3 a5 33. g4 hxg4+ 34. hxg4 b6 35. g5+ Kg7 36. Rb7 Rb5 37. Ke4 Rb4+ 38. Kf3 Kf8 39. Ke3 Ke8 40. Kf3 Rb5 41. Ke4 Rb4+ 42. Kf3 a4 43. bxa4 Rxa4 44. Rxb6 Rxa2 45. Rb7 Rd2 46. Ke4 Rd7 47. Rb5 Ke7 48. Ke5 Rc7 49. Ra5 Rc4 50. Ra7+ Kf8 51. Rb7 Kg7 52.
Ra7 Rc5+ 53. Ke4 Rb5 54. Rc7 Rb1 55. Ra7 Re1+ 56. Kf3 e5 57. fxe5 Rxe5 58. Kf4 Re1 59. Rb7 Kf8 60. Kg4 Re4+ 61. Kf3 Re7 62. Rb8+ Re8 63.
Rb7 Rc8 64. Kf4 Rc4+ 65. Kf3 Kg7 66. Kg3 Re4 67. Kf3 Re6 68. Kf4 Re1 69. Ra7 Rf1+ 70. Kg4 Rg1+ 71. Kf4 Kf8 72. Rb7 Ke8 73. Ra7 Re1 74.
Kg4 Re4+ 75. Kf3 Re7 76. Ra6 Re6 77. Ra7 Re7 78. Ra6 Rd7 79. Kf4 Ke7 80. Ke4 Rd6 81. Ra8 Re6+ 82. Kf4 Rb6 83. Ra4 Ke6 84. Re4+ Kd6 85.
Rd4+ Ke7 86. Re4+ Re6 87. Ra4 Rc6 88. Re4+ Kd6 89. Rd4+ Ke7 90. Re4+ Re6 91. Ra4 Rc6 92. Re4+ 1/2-1/2

[Event "*** Titled Tuesday 3|2 Blitz"]
[Site "Chess.com"]
[Date "2015.07.07"]
[Round "3"]
[White "Imre91"]
[Black "VSERGUEI"]
[Result "1/2-1/2"]
[WhiteElo "2607"]
[BlackElo "2554"]
[TimeControl "180+2"]
[EndTime "11:39:51 PDT"]
[Termination "Game drawn by stalemate"]

1. c4 c6 2. g3 d5 3. Nf3 Bf5 4. Bg2 e6 5. O-O Be7 6. Qb3 Qb6 7. Nc3 Nf6 8. d3 Nbd7 9. Be3 Bc5 10. Bg5 h6 11.
Bf4 O-O 12. Na4 Qxb3 13. axb3 Be7 14. Rfc1 Rfc8 15. Be3 a6 16. h3 Bh7 17. Kf1 Kf8 18.
g4 Ke8 19. Ke1 Kd8 20. Kd2 Bb4+ 21. Kd1 Bd6 22. Ke1 Bb4+ 23. Bd2 Bd6 24. Ba5+ Ke7 25.
Bd2 Bg6 26. Nc3 Ke8 27. Nh4 Bh7 28. Kf1 Be7 29. Nf3 Bd6 30. Nd4 Be5 31. Nc2 Bd6 32.
f4 h5 33. Bf3 hxg4 34. hxg4 b5 35. Kg2 bxc4 36. bxc4 Rcb8 37. Ra2 Rb3 38. Nd4 Rb6 39. Na4 Rb7 40. g5 Ng8 41. Nxc6 Rc8 42. cxd5 exd5 43. Bxd5 Rb5 44. Bf3 f6 45. Nd4 Rxc1 46. Bxc1 Rb8 47. Nc3 fxg5 48. fxg5 Ne5 49. Rxa6 Nxf3 50. Kxf3 Bc5 51. g6 Bxg6 52. Rxg6 Bxd4 53.
Rg4 Bf6 54. Nd5 Kf7 55. Rb4 Rd8 56. Rb7+ Ke6 57. Nxf6 gxf6 58. Bd2 Ne7 59. Bc3 Nd5 60. Ra7 Rh8 61. Ra6+ Ke7 62. Ke4 Rh5 63. Kd4 Nc7 64. Ra5 Nb5+ 65. Kc4 Nd6+ 66. Kb3 Rh2 67. e4 Rh3 68.
Kc2 Rh2+ 69. Kd1 Rh3 70. Kd2 Rh2+ 71. Ke3 Rh3+ 72. Kd4 Rh4 73. Kd5 Ne8 74. Ra7+ Kf8 75. Ke6 Rh5 76. Bb4+ Kg8 77. Ra8 Re5+ 78. Kd7 Kf7 79.
Ra5 Re6 80. Rb5 Ra6 81. Rb7 Re6 82. Kd8+ Kg6 83. Re7 Rb6 84. Bc3 Ng7 85. Kc7 Rb3 86. Kc6 Rb8 87. Rc7 Ne6 88. Rd7 Nf4 89. Rd6 Nh5 90. e5 Kf5 91. exf6 Nf4 92. Kc7 Rf8 93. Kd7 Rf7+ 94. Ke8 Kg6 95. Rd7 Rxd7 96. Kxd7 Nxd3 97. Ke8 Nc5 98. f7 Ne6 99. f8=Q Nxf8 100. Kxf8 Kf5 101. Ke8 Ke6 102. Kd8 Kd6 103. Kc8 Kc6 104. Bh8 Kb6 105. Kd7 Kc5 106. Kc7 Kb5 107. Kd6 Kb6 108. Kd5 Kb5 109.
Bc3 Ka4 110. Kc4 1/2-1/2

[Event "*** Titled Tuesday 3|2 Blitz"]
[Site "Chess.com"]
[Date "2015.07.07"]
[Round "4"]
[White "MasterLeif"]
[Black "eltenedor"]
[Result "0-1"]
[WhiteElo "2269"]
[BlackElo "2016"]
[TimeControl "180+2"]
[EndTime "11:44:04 PDT"]
[Termination "eltenedor won by checkmate"]

1. e4 c5 2. Nf3 d6 3. d4 cxd4 4. Nxd4 Nf6 5. Nc3 g6 6. Be3 a6 7. f3 b5 8. Qd2 Bb7 9. O-O-O Nbd7 10. h4 h6 11. Kb1 b4 12. Na4 Qa5 13. b3 e5 14. Ne2 d5 15. exd5 Nxd5 16. Ng3 Nc5 17. Nxc5 Nc3+ 18. Kc1 Qa3# 0-1